Rocket vs Barracuda
(R1)
Created - May 8, 2022 at 21:19
Goals
|
| Rocket |
1 |
1 |
3 |
5 |
| Barracuda |
2 |
1 |
1 |
4 |
|
Shots
|
| Rocket |
7 |
11 |
11 |
29 |
| Barracuda |
12 |
7 |
6 |
25 |
|
1st period
1. Barracuda , Dmitrij Jaskin 36 (Alex Iafallo 41, Sam Carrick 56) at 13:58
2. Rocket , Corey Trivino 31 (Viktor Loov 24, Brandon Pirri 37) at 15:54
3. Barracuda , Mario Lucia 5 (Samuel Groulx 31, Theodor Blueger 16) at 16:28
Penalties :
Andrey Pedan (Lav) for Holding (Minor) at 1:59, Theodor Blueger (S.J) for Hooking (Minor) at 8:08, Brandon Pirri (Lav) for Hooking (Minor) at 16:43
2nd period
4. Rocket , Peter Holland 20 (Adrian Kempe 51, Mason Appleton 8) at 2:26
5. Barracuda , Alex Iafallo 34 (Dmitrij Jaskin 35, Markus Nutivaara 57) at 6:37 (PP)
Penalties :
Adam Fox (Lav) for Roughing (Minor) at 5:58, Samuel Groulx (S.J) for Hooking (Minor) at 7:54, Ty Rattie (Lav) for Holding (Minor) at 17:26, Sam Carrick (S.J) for Roughing (Minor) at 18:29
3rd period
6. Rocket , Adrian Kempe 28 (Peter Holland 28, Corey Trivino 52) at 6:11 (PP)
7. Rocket , Adam Fox 6 (Viktor Loov 25) at 8:10
8. Barracuda , Markus Nutivaara 12 (Unassisted) at 19:22
9. Rocket , Danton Heinen 34 (Adrian Kempe 52, Peter Holland 29) at 19:49 (PP)
Penalties :
David Shields (S.J) for Hooking (Minor) at 5:32, William Carrier (S.J) for Hooking (Minor) at 8:46, Adam Fox (Lav) for Hooking (Minor) at 13:07, Mario Lucia (S.J) for Delaying the game (Minor) at 19:30
Goalie Stats
Igor Shesterkin (Lav), 21 saves from 25 shots - (0.840), W, 28-14-2, 60:00 minutes
Joacim Eriksson (S.J), 24 saves from 29 shots - (0.828), L, 22-16-3, 59:53 minutes
Players Stats for Rocket
Player Name G A P +/- PIM S H SB GA TA FO MP PP MP PK MP
------------------------------------------------------------------------------------
Adam Fox 1 0 1 1 4 2 4 2 0 0 0/0 23:57 4:46 0:22
Adrian Kempe 1 2 3 1 0 3 2 0 1 1 0/0 17:37 3:07 1:12
Andrei Mironov 0 0 0 -1 0 0 1 0 0 0 0/0 15:13 0:00 0:59
Andrey Pedan 0 0 0 -1 2 0 4 1 0 0 0/0 19:46 3:12 1:51
Brandon Pirri 0 1 1 1 2 3 0 0 0 0 0/1 20:02 4:27 0:00
Corey Trivino 1 1 2 1 0 1 2 0 1 0 9/31 21:54 4:51 0:45
Danton Heinen 1 0 1 1 0 5 3 0 1 0 0/0 16:06 3:07 0:00
Dean Kukan 0 0 0 0 0 0 0 3 0 0 0/0 15:37 0:00 4:36
Dominic Turgeon 0 0 0 -1 0 0 0 0 0 0 5/10 13:15 0:00 4:39
Jakub Vrana 0 0 0 -1 0 3 1 0 0 0 0/1 11:00 0:00 4:33
Jiri Sekac 0 0 0 -1 0 0 1 1 0 0 1/3 8:26 0:00 0:00
Kole Sherwood 0 0 0 -1 0 0 0 0 0 0 0/0 8:26 0:00 0:00
Luca Sbisa 0 0 0 0 0 0 0 0 0 0 0/0 17:49 3:12 3:03
Mason Appleton 0 1 1 -1 0 1 0 1 0 0 1/1 8:45 0:00 2:15
Mattias Tedenby 0 0 0 1 0 1 4 1 1 1 3/5 21:00 4:51 0:00
Peter Holland 1 2 3 1 0 4 3 0 0 0 6/11 15:52 3:07 0:00
Ty Rattie 0 0 0 -1 2 2 0 0 0 0 1/2 8:47 0:24 1:54
Viktor Loov 0 2 2 1 0 4 1 3 0 1 0/0 27:48 4:46 4:27
Players Stats for Barracuda
Player Name G A P +/- PIM S H SB GA TA FO MP PP MP PK MP
------------------------------------------------------------------------------------
Alex Henriksson 0 0 0 -1 0 4 2 0 0 0 0/0 11:44 0:14 1:27
Alex Iafallo 1 1 2 0 0 3 1 0 0 0 1/1 24:39 4:06 4:46
Arturs Kulda 0 0 0 -1 0 2 4 0 1 0 0/0 28:43 4:39 4:36
Chris Wagner 0 0 0 0 0 0 3 0 0 1 0/1 15:45 3:16 0:00
Cole Ully 0 0 0 1 0 0 1 0 0 0 0/0 6:54 0:00 0:00
David Shields 0 0 0 0 2 0 0 1 0 0 0/0 12:13 0:00 0:46
Dmitrij Jaskin 1 1 2 0 0 4 2 1 0 0 2/2 18:35 4:12 0:00
Emil Pettersson 0 0 0 0 0 0 0 0 0 0 5/7 6:32 1:47 0:47
Eric Gustafsson 0 0 0 1 0 2 2 2 1 2 0/0 20:32 3:00 3:22
Mario Lucia 1 0 1 1 2 2 0 1 0 0 0/0 7:47 0:11 0:00
Markus Nutivaara 1 1 2 -2 0 1 0 0 1 0 0/0 28:35 4:39 4:36
Noah Gregor 0 0 0 -1 0 0 0 0 0 1 3/6 11:08 0:12 0:48
Robin Norell 0 0 0 0 0 0 0 0 0 0 0/0 10:52 0:00 0:00
Sam Carrick 0 1 1 0 2 2 2 1 0 0 21/34 23:48 4:28 3:42
Samuel Groulx 0 1 1 1 2 0 2 1 0 0 0/0 19:46 3:00 2:36
Theodor Blueger 0 1 1 1 2 4 1 0 0 0 7/14 17:39 1:11 2:41
Thomas Gobeil 0 0 0 -1 0 0 0 0 0 0 0/0 8:53 0:00 0:00
William Carrier 0 0 0 0 2 1 3 0 0 0 0/0 16:54 3:19 1:45
3 Stars
1 - Peter Holland (Lav)
2 - Adrian Kempe (Lav)
3 - Corey Trivino (Lav)
Power Play
Rocket - 2 on 6 Attempt(s) - 33.33%
Barracuda - 1 on 5 Attempt(s) - 20.00%
Penalty Kill
Rocket - 4 on 5 Attempt(s) - 80.00%
- Score 0 goal in Penalty Kill
Barracuda - 4 on 6 Attempt(s) - 66.67%
- Score 0 goal in Penalty Kill
Team Stat
Rocket - Hits : 26 - Faceoff Wins : 26 - Blocked Shots : 12 - Penalty Minutes : 10
Barracuda - Hits : 23 - Faceoff Wins : 39 - Blocked Shots : 7 - Penalty Minutes : 12
Official
Referees : Tim Peel and Dan Kelly
Linesman : Brad Kovachik and Travis Toomey
Game Notes
Emil Pettersson is injured at 3:00 of 2nd period (Sore Right Knee)
19:22 of 3rd period - Penalty Shot by Markus Nutivaara for Barracuda - Goal!
Finance
Level 1 -- Attendance: 1952 (97.60%) -- Ticket Income $68,320
Level 2 -- Attendance: 954 (95.40%) -- Ticket Income $14,310
Total Attendance: 2906 (96.87%)
Total Ticket Income: $82,630
Other Income: $4,132
Total Income: $86,762
Rocket
5 vs 5 Forward
Center Left Wing Right Wing Time % Phy DF OF
1 Corey Trivino Brandon Pirri Mattias Tedenby 40 1 2 2
2 Peter Holland Adrian Kempe Danton Heinen 30 1 2 2
3 Dominic Turgeon Jiri Sekac Kole Sherwood 20 1 2 2
4 Mason Appleton Jakub Vrana Ty Rattie 10 1 2 2
5 vs 5 Defense
Defense Defense Time % Phy DF OF
1 Viktor Loov Adam Fox 40 1 2 2
2 Andrey Pedan Andrei Mironov 30 1 2 2
3 Dean Kukan Luca Sbisa 20 1 2 2
4 Viktor Loov Adam Fox 10 1 2 2
PowerPlay Forward
Center Left Wing Right Wing Time % Phy DF OF
1 Corey Trivino Brandon Pirri Mattias Tedenby 60 0 1 4
2 Peter Holland Adrian Kempe Danton Heinen 40 0 1 4
PowerPlay Defense
Defense Defense Time % Phy DF OF
1 Viktor Loov Adam Fox 60 0 1 4
2 Andrey Pedan Luca Sbisa 40 0 1 4
Penalty Kill 4 Players Forward
Center Wing Time % Phy DF OF
1 Dominic Turgeon Jakub Vrana 60 0 4 1
2 Mason Appleton Ty Rattie 40 0 4 1
Penalty Kill 4 Players Defense
Defense Defense Time % Phy DF OF
1 Viktor Loov Dean Kukan 60 0 5 0
2 Andrey Pedan Luca Sbisa 40 0 5 0
Penalty Kill - 3 Players Forward
Forward Time % Phy DF OF
1 Dominic Turgeon 60 0 5 0
2 Corey Trivino 40 0 5 0
Penalty Kill - 3 Players Defense
Defense Defense Time % Phy DF OF
1 Luca Sbisa Andrey Pedan 60 0 5 0
2 Andrei Mironov Viktor Loov 40 0 5 0
4 vs 4 Forward
Center Wing Time % Phy DF OF
1 Mattias Tedenby Corey Trivino 60 0 2 3
2 Brandon Pirri Adrian Kempe 40 0 2 3
4 vs 4 Defense
Defense Defense Time % Phy DF OF
1 Viktor Loov Adam Fox 60 0 2 3
2 Andrey Pedan Luca Sbisa 40 0 2 3
Last Minutes Offensive
Center Left Wing Right Wing Defense Defense
Corey Trivino Brandon Pirri Mattias Tedenby Viktor Loov Adam Fox
Last Minutes Defensive
Center Left Wing Right Wing Defense Defense
Corey Trivino Brandon Pirri Mattias Tedenby Luca Sbisa Dean Kukan
Goaltenders
Starting : Igor Shesterkin
Backup : Sami Aittokallio
Extra Forwards
Normal : Danton Heinen, Adrian Kempe, Mattias Tedenby - PP : Mattias Tedenby, Danton Heinen - PK : Dominic Turgeon
Extra Defensemen
Normal : Andrei Mironov, Adam Fox, Andrey Pedan - PP : Andrei Mironov - PK : Adam Fox, Andrey Pedan
Penalty Shots
Mattias Tedenby, Corey Trivino, Brandon Pirri, Adrian Kempe, Danton Heinen
Scratches
Daniel Sprong (Healthy), Dylan DeMelo (Healthy), Guillaume Brisebois (Healthy), Jack Glover (Bruised Right Foot Injury), Ryan Collins (Healthy)
Sergey Tolchinsky (Healthy), Tyler Lewington (Healthy), Karson Kuhlman (Healthy), Luke Kunin (Healthy), Mikhail Maltsev (Healthy)
Barracuda
5 vs 5 Forward
Center Left Wing Right Wing Time % Phy DF OF
1 Sam Carrick Alex Iafallo Dmitrij Jaskin 40 1 2 2
2 Emil Pettersson William Carrier Chris Wagner 30 1 2 2
3 Theodor Blueger Cole Ully Mario Lucia 20 1 2 2
4 Noah Gregor Alex Henriksson Thomas Gobeil 10 1 2 2
5 vs 5 Defense
Defense Defense Time % Phy DF OF
1 Arturs Kulda Markus Nutivaara 40 1 2 2
2 Eric Gustafsson Samuel Groulx 30 1 2 2
3 David Shields Robin Norell 20 1 2 2
4 Arturs Kulda Markus Nutivaara 10 1 2 2
PowerPlay Forward
Center Left Wing Right Wing Time % Phy DF OF
1 Sam Carrick Alex Iafallo Dmitrij Jaskin 60 1 2 2
2 Emil Pettersson William Carrier Chris Wagner 40 1 2 2
PowerPlay Defense
Defense Defense Time % Phy DF OF
1 Arturs Kulda Markus Nutivaara 60 1 2 2
2 Eric Gustafsson Samuel Groulx 40 1 2 2
Penalty Kill 4 Players Forward
Center Wing Time % Phy DF OF
1 Sam Carrick Alex Iafallo 60 1 2 2
2 Emil Pettersson William Carrier 40 1 2 2
Penalty Kill 4 Players Defense
Defense Defense Time % Phy DF OF
1 Arturs Kulda Markus Nutivaara 60 1 2 2
2 Eric Gustafsson Samuel Groulx 40 1 2 2
Penalty Kill - 3 Players Forward
Forward Time % Phy DF OF
1 Sam Carrick 60 1 2 2
2 Emil Pettersson 40 1 2 2
Penalty Kill - 3 Players Defense
Defense Defense Time % Phy DF OF
1 Arturs Kulda Markus Nutivaara 60 1 2 2
2 Eric Gustafsson Samuel Groulx 40 1 2 2
4 vs 4 Forward
Center Wing Time % Phy DF OF
1 Sam Carrick Alex Iafallo 60 1 2 2
2 Emil Pettersson William Carrier 40 1 2 2
4 vs 4 Defense
Defense Defense Time % Phy DF OF
1 Arturs Kulda Markus Nutivaara 60 1 2 2
2 Eric Gustafsson Samuel Groulx 40 1 2 2
Last Minutes Offensive
Center Left Wing Right Wing Defense Defense
Sam Carrick Alex Iafallo Dmitrij Jaskin Arturs Kulda Markus Nutivaara
Last Minutes Defensive
Center Left Wing Right Wing Defense Defense
Sam Carrick Alex Iafallo Dmitrij Jaskin Arturs Kulda Markus Nutivaara
Goaltenders
Starting : Joacim Eriksson
Backup : Oscar Dansk
Extra Forwards
Normal : Emil Pettersson, Chris Wagner, Theodor Blueger - PP : Emil Pettersson, Chris Wagner - PK : Emil Pettersson
Extra Defensemen
Normal : Samuel Groulx, David Shields, Robin Norell - PP : Samuel Groulx - PK : Samuel Groulx, David Shields
Penalty Shots
Alex Iafallo, Dmitrij Jaskin, Sam Carrick, William Carrier, Emil Pettersson
Scratches
Alex Lintuniemi (Healthy), Brandon Kozun (Healthy), Jaedon Descheneau (Healthy), Jerome Gauthier-Leduc (Healthy), Justin Shugg (Healthy)
Tanner Jeannot (Healthy), Drew O'Connor (Healthy), Dennis Cholowski (Healthy), Kevin Lankinen (Healthy)
% Time on Ice - Rocket
Lines # - Real PCT - Wanted PCT - Time Play
Normal Forward
1 - 35% - 40% - 14:58
2 - 30% - 30% - 12:48
3 - 20% - 20% - 8:26
4 - 15% - 10% - 6:27
Normal Defense
1 - 41% - 40% - 17:23
2 - 33% - 30% - 14:05
3 - 24% - 20% - 10:11
4 - 2% - 10% - 1:00
PP Forward
1 - 61% - 60% - 4:51
2 - 39% - 40% - 3:07
PP Defense
1 - 60% - 60% - 4:46
2 - 40% - 40% - 3:12
PK Forward
1 - 71% - 60% - 5:24
2 - 29% - 40% - 2:15
PK Defense
1 - 60% - 60% - 4:36
2 - 40% - 40% - 3:03
PK3 Forward
1 - 0% - 60%
2 - 0% - 40%
PK3 Defense
1 - 0% - 60%
2 - 0% - 40%
44 Forward
1 - 100% - 60% - 0:56
2 - 0% - 40% - 0:00
44 Defense
1 - 48% - 60% - 0:27
2 - 52% - 40% - 0:29
Last Minute Offensive - 0:00
Last Minute Defensive - 0:48
Total
Forward - 60:00
Defense - 60:00
|
% Time on Ice - Barracuda
Lines # - Real PCT - Wanted PCT - Time Play
Normal Forward
1 - 32% - 40% - 13:41
2 - 35% - 30% - 14:52
3 - 14% - 20% - 6:07
4 - 19% - 10% - 8:17
Normal Defense
1 - 41% - 40% - 17:44
2 - 33% - 30% - 14:00
3 - 25% - 20% - 10:52
4 - 1% - 10% - 0:21
PP Forward
1 - 54% - 60% - 4:09
2 - 46% - 40% - 3:30
PP Defense
1 - 61% - 60% - 4:39
2 - 39% - 40% - 3:00
PK Forward
1 - 65% - 60% - 5:12
2 - 35% - 40% - 2:46
PK Defense
1 - 58% - 60% - 4:36
2 - 42% - 40% - 3:22
PK3 Forward
1 - 0% - 60%
2 - 0% - 40%
PK3 Defense
1 - 0% - 60%
2 - 0% - 40%
44 Forward
1 - 100% - 60% - 0:56
2 - 0% - 40% - 0:00
44 Defense
1 - 82% - 60% - 0:46
2 - 18% - 40% - 0:10
Last Minute Offensive - 0:30
Last Minute Defensive - 0:00
Total
Forward - 60:00
Defense - 60:00
|
Play-by-Play
1st period
0:01 of 1st period - Mattias Tedenby wins face-off versus Sam Carrick in neutral zone.
0:06 of 1st period - Slapshot by Corey Trivino.
0:06 of 1st period - Shot Misses the Net.
0:32 of 1st period - Slapshot by Peter Holland.
0:32 of 1st period - Shot Misses the Net.
0:50 of 1st period - Samuel Groulx is hit by Peter Holland.
0:54 of 1st period - Eric Gustafsson is hit by Danton Heinen and loses puck.
1:31 of 1st period - Thomas Gobeil is hit by Danton Heinen and loses puck.
1:42 of 1st period - Snap shot by Danton Heinen.
1:42 of 1st period - Shot Blocked by Samuel Groulx.
1:44 of 1st period - Slapshot by Danton Heinen.
1:44 of 1st period - Stopped by Joacim Eriksson without a rebound.
1:45 of 1st period - Sam Carrick wins face-off versus Corey Trivino in Barracuda zone.
1:59 of 1st period - Minor Penalty to Andrey Pedan for Holding.
2:00 of 1st period - Sam Carrick wins face-off versus Dominic Turgeon in Rocket zone.
2:14 of 1st period - Snap shot by Dmitrij Jaskin.
2:14 of 1st period - Shot Misses the Net.
2:24 of 1st period - Luca Sbisa is hit by Sam Carrick and loses puck.
2:54 of 1st period - Snap shot by Markus Nutivaara.
2:54 of 1st period - Shot Blocked by Dean Kukan.
3:28 of 1st period - Samuel Groulx is hit by Adrian Kempe and loses puck.
3:59 of 1st period - Penalty to Andrey Pedan is over, Andrey Pedan is back on ice.
3:59 of 1st period - Dominic Turgeon is hit by Arturs Kulda and loses puck.
4:08 of 1st period - Wrist shot by Mario Lucia.
4:08 of 1st period - Deflect By Theodor Blueger.
4:08 of 1st period - Stopped by Igor Shesterkin without a rebound.
4:09 of 1st period - Theodor Blueger wins face-off versus Corey Trivino in Rocket zone.
4:44 of 1st period - Slapshot by Alex Henriksson.
4:44 of 1st period - Stopped by Igor Shesterkin with a rebound.
5:08 of 1st period - Wrist shot by Jiri Sekac.
5:08 of 1st period - Deflect By Dominic Turgeon.
5:08 of 1st period - Shot Misses the Net.
5:08 of 1st period - Puck is out of play.
5:09 of 1st period - Sam Carrick wins face-off versus Dominic Turgeon in Barracuda zone.
5:20 of 1st period - Slapshot by Jiri Sekac.
5:20 of 1st period - Shot Misses the Net.
5:34 of 1st period - Dean Kukan is hit by Eric Gustafsson and loses puck.
6:01 of 1st period - Samuel Groulx is hit by Peter Holland and loses puck.
6:30 of 1st period - Off-side.
6:31 of 1st period - Jiri Sekac wins face-off versus Noah Gregor in neutral zone.
7:40 of 1st period - Wrist shot by Mason Appleton.
7:40 of 1st period - Shot Misses the Net.
7:46 of 1st period - Backhand shot by Mario Lucia.
7:46 of 1st period - Stopped by Igor Shesterkin without a rebound.
7:47 of 1st period - Theodor Blueger wins face-off versus Jakub Vrana in Rocket zone.
7:48 of 1st period - Snap shot by Eric Gustafsson.
7:48 of 1st period - Shot Blocked by Andrey Pedan.
8:08 of 1st period - Minor Penalty to Theodor Blueger for Hooking.
8:09 of 1st period - Sam Carrick wins face-off versus Corey Trivino in Barracuda zone.
8:41 of 1st period - Slapshot by Danton Heinen.
8:41 of 1st period - Stopped by Joacim Eriksson without a rebound.
8:42 of 1st period - Corey Trivino wins face-off versus Emil Pettersson in Barracuda zone.
10:08 of 1st period - Penalty to Theodor Blueger is over, Theodor Blueger is back on ice.
10:15 of 1st period - Kole Sherwood is hit by Theodor Blueger and loses puck.
10:41 of 1st period - Snap shot by Alex Henriksson.
10:41 of 1st period - Stopped by Igor Shesterkin with a rebound.
12:00 of 1st period - Andrey Pedan is hit by Cole Ully and loses puck.
12:54 of 1st period - Slapshot by Mattias Tedenby.
12:54 of 1st period - Shot Misses the Net.
12:56 of 1st period - Slapshot by Corey Trivino.
12:56 of 1st period - Shot Blocked by David Shields.
12:58 of 1st period - Wrist shot by Brandon Pirri.
12:58 of 1st period - Deflect By David Shields.
12:58 of 1st period - Shot Misses the Net.
12:58 of 1st period - Puck is out of play.
12:59 of 1st period - Emil Pettersson wins face-off versus Peter Holland in Barracuda zone.
13:08 of 1st period - Wrist shot by Danton Heinen.
13:08 of 1st period - Shot Blocked by Eric Gustafsson.
13:10 of 1st period - Wrist shot by Adrian Kempe.
13:10 of 1st period - Stopped by Joacim Eriksson with a rebound.
13:14 of 1st period - Slapshot by Adrian Kempe.
13:14 of 1st period - Shot Misses the Net.
13:24 of 1st period - Samuel Groulx is hit by Adam Fox.
13:44 of 1st period - Wrist shot by Jakub Vrana.
13:44 of 1st period - Shot Blocked by Sam Carrick.
13:58 of 1st period - Slapshot by Dmitrij Jaskin.
13:58 of 1st period - Goal by Dmitrij Jaskin - Rocket : 0 - Barracuda : 1.
13:59 of 1st period - Emil Pettersson wins face-off versus Corey Trivino in neutral zone.
14:24 of 1st period - Peter Holland is hit by Arturs Kulda and loses puck.
14:50 of 1st period - Theodor Blueger is hit by Andrey Pedan.
15:09 of 1st period - Wrist shot by Alex Henriksson.
15:09 of 1st period - Stopped by Igor Shesterkin without a rebound.
15:10 of 1st period - Corey Trivino wins face-off versus Sam Carrick in Rocket zone.
15:48 of 1st period - Snap shot by Brandon Pirri.
15:48 of 1st period - Stopped by Joacim Eriksson with a rebound.
15:50 of 1st period - Wrist shot by Brandon Pirri.
15:50 of 1st period - Shot Misses the Net.
15:52 of 1st period - Slapshot by Viktor Loov.
15:52 of 1st period - Stopped by Joacim Eriksson with a rebound.
15:54 of 1st period - Backhand shot by Corey Trivino.
15:54 of 1st period - Goal by Corey Trivino - Rocket : 1 - Barracuda : 1.
15:55 of 1st period - Emil Pettersson wins face-off versus Peter Holland in neutral zone.
16:20 of 1st period - Samuel Groulx is hit by Andrey Pedan.
16:26 of 1st period - Snap shot by Theodor Blueger.
16:26 of 1st period - Stopped by Igor Shesterkin with a rebound.
16:28 of 1st period - Snap shot by Samuel Groulx.
16:28 of 1st period - Deflect By Mario Lucia.
16:28 of 1st period - Goal by Mario Lucia - Rocket : 1 - Barracuda : 2.
16:29 of 1st period - Sam Carrick wins face-off versus Corey Trivino in neutral zone.
16:36 of 1st period - Backhand shot by Alex Iafallo.
16:36 of 1st period - Stopped by Igor Shesterkin without a rebound.
16:37 of 1st period - Dmitrij Jaskin wins face-off versus Corey Trivino in Rocket zone.
16:40 of 1st period - Slapshot by Sam Carrick.
16:40 of 1st period - Deflect By Alex Iafallo.
16:40 of 1st period - Shot Blocked by Viktor Loov.
16:40 of 1st period - Puck is out of play.
16:41 of 1st period - Corey Trivino wins face-off versus Sam Carrick in Rocket zone.
16:43 of 1st period - Minor Penalty to Brandon Pirri for Hooking.
16:44 of 1st period - Dominic Turgeon wins face-off versus Sam Carrick in Rocket zone.
16:44 of 1st period - Dominic Turgeon is hit by Dmitrij Jaskin.
16:53 of 1st period - Slapshot by Markus Nutivaara.
16:53 of 1st period - Shot Misses the Net.
16:55 of 1st period - Snap shot by Dmitrij Jaskin.
16:55 of 1st period - Shot Misses the Net.
16:57 of 1st period - Snap shot by Dmitrij Jaskin.
16:57 of 1st period - Stopped by Igor Shesterkin with a rebound.
17:19 of 1st period - Snap shot by William Carrier.
17:19 of 1st period - Stopped by Igor Shesterkin without a rebound.
17:20 of 1st period - Mason Appleton wins face-off versus Emil Pettersson in Rocket zone.
17:48 of 1st period - Off-side.
17:49 of 1st period - Sam Carrick wins face-off versus Ty Rattie in neutral zone.
17:52 of 1st period - Slapshot by Markus Nutivaara.
17:52 of 1st period - Shot Blocked by Mason Appleton.
17:54 of 1st period - Wrist shot by Sam Carrick.
17:54 of 1st period - Stopped by Igor Shesterkin with a rebound.
17:56 of 1st period - Snap shot by Sam Carrick.
17:56 of 1st period - Shot Misses the Net.
18:22 of 1st period - Slapshot by Markus Nutivaara.
18:22 of 1st period - Shot Blocked by Dean Kukan.
18:24 of 1st period - Backhand shot by Emil Pettersson.
18:24 of 1st period - Shot Misses the Net.
18:43 of 1st period - Penalty to Brandon Pirri is over, Brandon Pirri is back on ice.
18:50 of 1st period - Snap shot by Adrian Kempe.
18:50 of 1st period - Shot Blocked by Eric Gustafsson.
18:54 of 1st period - Backhand shot by Adrian Kempe.
18:54 of 1st period - Stopped by Joacim Eriksson without a rebound.
18:55 of 1st period - Emil Pettersson wins face-off versus Corey Trivino in Barracuda zone.
Goals for this period are 1 for Rocket vs 2 for Barracuda.
Shots for this period are 7 for Rocket vs 12 for Barracuda.
2nd period
0:01 of 2nd period - Corey Trivino wins face-off versus Sam Carrick in neutral zone.
0:10 of 2nd period - Wrist shot by Mattias Tedenby.
0:10 of 2nd period - Deflect By Brandon Pirri.
0:10 of 2nd period - Shot Misses the Net.
0:10 of 2nd period - Puck is out of play.
0:11 of 2nd period - Corey Trivino wins face-off versus Sam Carrick in Barracuda zone.
0:20 of 2nd period - Wrist shot by Dmitrij Jaskin.
0:20 of 2nd period - Shot Blocked by Viktor Loov.
0:36 of 2nd period - Emil Pettersson is hit by Adrian Kempe and loses puck.
0:41 of 2nd period - Snap shot by Danton Heinen.
0:41 of 2nd period - Shot Misses the Net.
0:43 of 2nd period - Slapshot by Viktor Loov.
0:43 of 2nd period - Stopped by Joacim Eriksson without a rebound.
0:44 of 2nd period - Peter Holland wins face-off versus Sam Carrick in Barracuda zone.
0:59 of 2nd period - Snap shot by Peter Holland.
0:59 of 2nd period - Shot Misses the Net.
1:09 of 2nd period - Luca Sbisa is hit by William Carrier and loses puck.
2:22 of 2nd period - Slapshot by Peter Holland.
2:22 of 2nd period - Stopped by Joacim Eriksson with a rebound.
2:24 of 2nd period - Wrist shot by Adrian Kempe.
2:24 of 2nd period - Shot Blocked by Dmitrij Jaskin.
2:26 of 2nd period - Snap shot by Peter Holland.
2:26 of 2nd period - Goal by Peter Holland - Rocket : 2 - Barracuda : 2.
2:27 of 2nd period - Sam Carrick wins face-off versus Corey Trivino in neutral zone.
2:39 of 2nd period - Snap shot by Dmitrij Jaskin.
2:39 of 2nd period - Stopped by Igor Shesterkin with a rebound.
2:41 of 2nd period - Snap shot by Sam Carrick.
2:41 of 2nd period - Shot Blocked by Viktor Loov.
2:43 of 2nd period - Slapshot by Arturs Kulda.
2:43 of 2nd period - Shot Hit the Post.
2:58 of 2nd period - Slapshot by Peter Holland.
2:58 of 2nd period - Stopped by Joacim Eriksson without a rebound.
2:59 of 2nd period - Emil Pettersson wins face-off versus Peter Holland in Barracuda zone.
2:59 of 2nd period - Emil Pettersson is hit by Peter Holland.
3:00 of 2nd period - Emil Pettersson from Barracuda is injured at 3:00 of 2nd period (Sore Right Knee).
3:01 of 2nd period - Alex Iafallo wins face-off versus Corey Trivino in Barracuda zone.
3:01 of 2nd period - Alex Iafallo is hit by Mattias Tedenby.
3:06 of 2nd period - Markus Nutivaara is hit by Mattias Tedenby and loses puck.
3:31 of 2nd period - Off-side.
3:32 of 2nd period - Peter Holland wins face-off versus Theodor Blueger in neutral zone.
3:45 of 2nd period - Backhand shot by William Carrier.
3:45 of 2nd period - Deflect By Chris Wagner.
3:45 of 2nd period - Shot Blocked by Dean Kukan.
3:45 of 2nd period - Puck is out of play.
3:46 of 2nd period - Sam Carrick wins face-off versus Corey Trivino in Rocket zone.
3:54 of 2nd period - Off-side.
3:55 of 2nd period - Sam Carrick wins face-off versus Corey Trivino in neutral zone.
4:02 of 2nd period - Snap shot by Sam Carrick.
4:02 of 2nd period - Shot Misses the Net.
4:04 of 2nd period - Snap shot by Alex Iafallo.
4:04 of 2nd period - Shot Blocked by Adam Fox.
4:06 of 2nd period - Wrist shot by Dmitrij Jaskin.
4:06 of 2nd period - Deflect By Alex Iafallo.
4:06 of 2nd period - Shot Blocked by Adam Fox.
4:06 of 2nd period - Puck is out of play.
4:07 of 2nd period - Sam Carrick wins face-off versus Mattias Tedenby in Rocket zone.
4:32 of 2nd period - Peter Holland is hit by Chris Wagner and loses puck.
5:14 of 2nd period - Wrist shot by Mattias Tedenby.
5:14 of 2nd period - Shot Hit the Post.
5:37 of 2nd period - Backhand shot by Jakub Vrana.
5:37 of 2nd period - Shot Blocked by Mario Lucia.
5:39 of 2nd period - Wrist shot by Jakub Vrana.
5:39 of 2nd period - Stopped by Joacim Eriksson without a rebound.
5:40 of 2nd period - Theodor Blueger wins face-off versus Peter Holland in Barracuda zone.
5:40 of 2nd period - Theodor Blueger is hit by Viktor Loov.
5:52 of 2nd period - Backhand shot by Chris Wagner.
5:52 of 2nd period - Shot Misses the Net.
5:58 of 2nd period - Minor Penalty to Adam Fox for Roughing.
5:59 of 2nd period - Dominic Turgeon wins face-off versus Sam Carrick in Rocket zone.
6:06 of 2nd period - Icing by Sam Carrick.
6:07 of 2nd period - Sam Carrick wins face-off versus Dominic Turgeon in Barracuda zone.
6:37 of 2nd period - Wrist shot by Alex Iafallo.
6:37 of 2nd period - Goal by Alex Iafallo - Rocket : 2 - Barracuda : 3.
6:38 of 2nd period - Corey Trivino wins face-off versus Theodor Blueger in neutral zone.
6:40 of 2nd period - Off-side.
6:41 of 2nd period - Corey Trivino wins face-off versus Theodor Blueger in neutral zone.
7:34 of 2nd period - Wrist shot by Jiri Sekac.
7:34 of 2nd period - Shot Misses the Net.
7:52 of 2nd period - Slapshot by Brandon Pirri.
7:52 of 2nd period - Stopped by Joacim Eriksson with a rebound.
7:54 of 2nd period - Minor Penalty to Samuel Groulx for Hooking.
7:55 of 2nd period - Sam Carrick wins face-off versus Corey Trivino in Barracuda zone.
7:55 of 2nd period - Sam Carrick is hit by Andrey Pedan.
9:41 of 2nd period - Arturs Kulda is hit by Mattias Tedenby and loses puck.
9:54 of 2nd period - Penalty to Samuel Groulx is over, Samuel Groulx is back on ice.
11:20 of 2nd period - Luca Sbisa is hit by Chris Wagner and loses puck.
11:39 of 2nd period - Slapshot by Eric Gustafsson.
11:39 of 2nd period - Stopped by Igor Shesterkin without a rebound.
11:40 of 2nd period - Ty Rattie wins face-off versus Noah Gregor in Rocket zone.
11:47 of 2nd period - Snap shot by Mason Appleton.
11:47 of 2nd period - Shot Misses the Net.
11:51 of 2nd period - Backhand shot by Jakub Vrana.
11:51 of 2nd period - Shot Misses the Net.
12:05 of 2nd period - Andrey Pedan is hit by Alex Henriksson and loses puck.
12:32 of 2nd period - Wrist shot by Brandon Pirri.
12:32 of 2nd period - Shot Misses the Net.
12:54 of 2nd period - Snap shot by Dmitrij Jaskin.
12:54 of 2nd period - Stopped by Igor Shesterkin with a rebound.
12:58 of 2nd period - Slapshot by Sam Carrick.
12:58 of 2nd period - Stopped by Igor Shesterkin without a rebound.
12:59 of 2nd period - Peter Holland wins face-off versus Theodor Blueger in Rocket zone.
12:59 of 2nd period - Peter Holland is hit by William Carrier.
13:11 of 2nd period - Wrist shot by Danton Heinen.
13:11 of 2nd period - Stopped by Joacim Eriksson with a rebound.
13:31 of 2nd period - Wrist shot by Dmitrij Jaskin.
13:31 of 2nd period - Deflect By Sam Carrick.
13:31 of 2nd period - Shot Misses the Net.
13:31 of 2nd period - Puck is out of play.
13:32 of 2nd period - Sam Carrick wins face-off versus Corey Trivino in Rocket zone.
14:03 of 2nd period - Backhand shot by Adam Fox.
14:03 of 2nd period - Stopped by Joacim Eriksson with a rebound.
14:05 of 2nd period - Wrist shot by Viktor Loov.
14:05 of 2nd period - Stopped by Joacim Eriksson with a rebound.
14:07 of 2nd period - Snap shot by Peter Holland.
14:07 of 2nd period - Stopped by Joacim Eriksson with a rebound.
14:19 of 2nd period - Mason Appleton is hit by Alex Iafallo.
14:27 of 2nd period - Backhand shot by Mason Appleton.
14:27 of 2nd period - Stopped by Joacim Eriksson without a rebound.
14:28 of 2nd period - Theodor Blueger wins face-off versus Corey Trivino in Barracuda zone.
14:32 of 2nd period - Off-side.
14:33 of 2nd period - Theodor Blueger wins face-off versus Corey Trivino in neutral zone.
14:42 of 2nd period - Chris Wagner is hit by Andrey Pedan and loses puck.
15:13 of 2nd period - Andrei Mironov is hit by Samuel Groulx and loses puck.
15:25 of 2nd period - Off-side.
15:26 of 2nd period - Peter Holland wins face-off versus Sam Carrick in neutral zone.
15:28 of 2nd period - Viktor Loov is hit by Sam Carrick and loses puck.
15:56 of 2nd period - Slapshot by Arturs Kulda.
15:56 of 2nd period - Stopped by Igor Shesterkin without a rebound.
15:57 of 2nd period - Noah Gregor wins face-off versus Jiri Sekac in Rocket zone.
16:05 of 2nd period - Off-side.
16:06 of 2nd period - Corey Trivino wins face-off versus Sam Carrick in neutral zone.
16:22 of 2nd period - Snap shot by Sam Carrick.
16:22 of 2nd period - Shot Blocked by Mattias Tedenby.
17:20 of 2nd period - Wrist shot by Theodor Blueger.
17:20 of 2nd period - Stopped by Igor Shesterkin with a rebound.
17:26 of 2nd period - Minor Penalty to Ty Rattie for Holding.
17:27 of 2nd period - Dominic Turgeon wins face-off versus Sam Carrick in Rocket zone.
17:52 of 2nd period - Dominic Turgeon is hit by Arturs Kulda and loses puck.
18:29 of 2nd period - Minor Penalty to Sam Carrick for Roughing.
18:30 of 2nd period - Mattias Tedenby wins face-off versus Chris Wagner in Barracuda zone.
19:26 of 2nd period - Penalty to Ty Rattie is over, Ty Rattie is back on ice.
19:36 of 2nd period - Snap shot by Corey Trivino.
19:36 of 2nd period - Shot Misses the Net.
19:42 of 2nd period - Luca Sbisa is hit by Samuel Groulx and loses puck.
Goals for this period are 1 for Rocket vs 1 for Barracuda.
Shots for this period are 11 for Rocket vs 7 for Barracuda.
3rd period
0:01 of 3rd period - Corey Trivino wins face-off versus Theodor Blueger in neutral zone.
0:29 of 3rd period - Penalty to Sam Carrick is over, Sam Carrick is back on ice.
0:46 of 3rd period - Wrist shot by Alex Iafallo.
0:46 of 3rd period - Shot Blocked by Jiri Sekac.
0:48 of 3rd period - Wrist shot by Sam Carrick.
0:48 of 3rd period - Deflect By Theodor Blueger.
0:48 of 3rd period - Stopped by Igor Shesterkin with a rebound.
1:32 of 3rd period - Wrist shot by Mattias Tedenby.
1:32 of 3rd period - Deflect By Corey Trivino.
1:32 of 3rd period - Shot Hit the Post.
1:32 of 3rd period - Puck is out of play.
1:33 of 3rd period - Noah Gregor wins face-off versus Corey Trivino in Barracuda zone.
1:42 of 3rd period - Wrist shot by Eric Gustafsson.
1:42 of 3rd period - Stopped by Igor Shesterkin with a rebound.
2:25 of 3rd period - Robin Norell is hit by Mattias Tedenby and loses puck.
2:44 of 3rd period - Wrist shot by Alex Henriksson.
2:44 of 3rd period - Stopped by Igor Shesterkin with a rebound.
2:59 of 3rd period - Icing by Alex Henriksson.
3:00 of 3rd period - Peter Holland wins face-off versus Noah Gregor in Barracuda zone.
3:01 of 3rd period - Wrist shot by Danton Heinen.
3:01 of 3rd period - Stopped by Joacim Eriksson with a rebound.
3:15 of 3rd period - David Shields is hit by Adam Fox and loses puck.
3:29 of 3rd period - Off-side.
3:30 of 3rd period - Sam Carrick wins face-off versus Jiri Sekac in neutral zone.
4:30 of 3rd period - Markus Nutivaara is hit by Danton Heinen and loses puck.
5:08 of 3rd period - Slapshot by Jakub Vrana.
5:08 of 3rd period - Stopped by Joacim Eriksson with a rebound.
5:10 of 3rd period - Wrist shot by Ty Rattie.
5:10 of 3rd period - Stopped by Joacim Eriksson with a rebound.
5:12 of 3rd period - Snap shot by Jakub Vrana.
5:12 of 3rd period - Stopped by Joacim Eriksson with a rebound.
5:14 of 3rd period - Snap shot by Jakub Vrana.
5:14 of 3rd period - Deflect By Ty Rattie.
5:14 of 3rd period - Stopped by Joacim Eriksson with a rebound.
5:30 of 3rd period - Wrist shot by Danton Heinen.
5:30 of 3rd period - Shot Misses the Net.
5:32 of 3rd period - Minor Penalty to David Shields for Hooking.
5:33 of 3rd period - Sam Carrick wins face-off versus Corey Trivino in Barracuda zone.
6:11 of 3rd period - Wrist shot by Adrian Kempe.
6:11 of 3rd period - Goal by Adrian Kempe - Rocket : 3 - Barracuda : 3.
6:12 of 3rd period - Theodor Blueger wins face-off versus Corey Trivino in neutral zone.
6:14 of 3rd period - Markus Nutivaara is hit by Adam Fox and loses puck.
6:48 of 3rd period - Slapshot by Alex Iafallo.
6:48 of 3rd period - Stopped by Igor Shesterkin without a rebound.
6:49 of 3rd period - Mattias Tedenby wins face-off versus Theodor Blueger in Rocket zone.
7:41 of 3rd period - Peter Holland is hit by Dmitrij Jaskin and loses puck.
8:04 of 3rd period - Slapshot by Arturs Kulda.
8:04 of 3rd period - Stopped by Igor Shesterkin with a rebound.
8:10 of 3rd period - Slapshot by Adam Fox.
8:10 of 3rd period - Goal by Adam Fox - Rocket : 4 - Barracuda : 3.
8:11 of 3rd period - Dmitrij Jaskin wins face-off versus Corey Trivino in neutral zone.
8:43 of 3rd period - Andrei Mironov is hit by Arturs Kulda.
8:46 of 3rd period - Minor Penalty to William Carrier for Hooking.
8:47 of 3rd period - Sam Carrick wins face-off versus Brandon Pirri in Barracuda zone.
9:17 of 3rd period - Slapshot by Viktor Loov.
9:17 of 3rd period - Stopped by Joacim Eriksson without a rebound.
9:18 of 3rd period - Sam Carrick wins face-off versus Corey Trivino in Barracuda zone.
9:43 of 3rd period - Luca Sbisa is hit by Alex Henriksson and loses puck.
10:46 of 3rd period - Penalty to William Carrier is over, William Carrier is back on ice.
11:58 of 3rd period - Icing by Andrei Mironov.
11:59 of 3rd period - Noah Gregor wins face-off versus Dominic Turgeon in Rocket zone.
12:16 of 3rd period - Chris Wagner is hit by Andrei Mironov and loses puck.
12:47 of 3rd period - Slapshot by Markus Nutivaara.
12:47 of 3rd period - Stopped by Igor Shesterkin without a rebound.
12:48 of 3rd period - Sam Carrick wins face-off versus Peter Holland in Rocket zone.
13:07 of 3rd period - Minor Penalty to Adam Fox for Hooking.
13:08 of 3rd period - Dominic Turgeon wins face-off versus Sam Carrick in Rocket zone.
15:07 of 3rd period - Penalty to Adam Fox is over, Adam Fox is back on ice.
15:46 of 3rd period - Corey Trivino is hit by Chris Wagner and loses puck.
16:27 of 3rd period - David Shields is hit by Jakub Vrana and loses puck.
16:47 of 3rd period - Mason Appleton is hit by Eric Gustafsson and loses puck.
17:06 of 3rd period - Samuel Groulx is hit by Corey Trivino and loses puck.
17:45 of 3rd period - Peter Holland is hit by William Carrier and loses puck.
18:14 of 3rd period - Markus Nutivaara is hit by Jiri Sekac and loses puck.
18:51 of 3rd period - David Shields is hit by Corey Trivino and loses puck.
19:02 of 3rd period - Snap shot by Brandon Pirri.
19:02 of 3rd period - Stopped by Joacim Eriksson without a rebound.
19:03 of 3rd period - Dale Hunter call a timeout for Barracuda.
19:03 of 3rd period - Sam Carrick wins face-off versus Corey Trivino in Barracuda zone.
19:22 of 3rd period - Penalty Shot by Markus Nutivaara for Barracuda.
19:22 of 3rd period - Snap shot by Markus Nutivaara.
19:22 of 3rd period - Goal by Markus Nutivaara - Rocket : 4 - Barracuda : 4.
19:23 of 3rd period - Dominic Turgeon wins face-off versus Theodor Blueger in neutral zone.
19:24 of 3rd period - Theodor Blueger wins face-off versus Dominic Turgeon in Barracuda zone.
19:24 of 3rd period - Theodor Blueger is hit by Adam Fox.
19:30 of 3rd period - Minor Penalty to Mario Lucia for Delaying the game.
19:31 of 3rd period - Sam Carrick wins face-off versus Corey Trivino in Barracuda zone.
19:35 of 3rd period - Snap shot by Sam Carrick.
19:35 of 3rd period - Shot Misses the Net.
19:47 of 3rd period - Snap shot by Mattias Tedenby.
19:47 of 3rd period - Stopped by Joacim Eriksson without a rebound.
19:48 of 3rd period - Peter Holland wins face-off versus Sam Carrick in Barracuda zone.
19:49 of 3rd period - Wrist shot by Adrian Kempe.
19:49 of 3rd period - Deflect By Danton Heinen.
19:49 of 3rd period - Goal by Danton Heinen - Rocket : 5 - Barracuda : 4.
19:50 of 3rd period - Sam Carrick wins face-off versus Mattias Tedenby in neutral zone.
19:53 of 3rd period - Barracuda, Joacim Eriksson is pulled from the net.
Goals for this period are 3 for Rocket vs 1 for Barracuda.
Shots for this period are 11 for Rocket vs 6 for Barracuda.